 Dungeon Crawl Stone Soup version 0.26.1-11-gd32895ea62 (webtiles) character file.

Game seed: 13986366516235644499

17466 jlumianski the Thaumaturge (level 12, -8/94 HPs)
             Began as a Gnoll Warper on Apr 30, 2021.
             Was a High Priest of Okawaru.
             Mangled by a very large slime creature (54 damage)
             ... on level 12 of the Dungeon.
             The game lasted 01:48:17 (16675 turns).

jlumianski the Thaumaturge (Gnoll Warper)          Turns: 16675, Time: 01:48:18

Health: -8/94      AC: 17    Str: 14    XL:     12   Next: 48%
Magic:  21/34      EV: 22    Int: 20    God:    Okawaru [*****.]
Gold:   314        SH:  5    Dex: 15    Spells: 12/29 levels left

rFire    + . .     SeeInvis .   N - +3 war axe
rCold    . . .     Faith    .   (no shield)
rNeg     . . .     Spirit   .   k - +2 robe {Will+}
rPois    +         Reflect  +   q - +2 helmet
rElec    .         Harm     .   J - +2 cloak {rPois}
rCorr    .         Rampage  .   m - +2 pair of gloves
Will     +....                  K - +1 pair of boots
Stlth    ++++......             u - amulet of reflection
HPRegen  0.25/turn              r - ring of magical power
MPRegen  0.24/turn              y - +4 ring of evasion

@: no status effects
A: distributed training, fangs 1, fire resistance 1, strong nose
a: Renounce Religion, Heroism, Finesse


You were on level 12 of the Dungeon.
You worshipped Okawaru.
Okawaru was extremely pleased with you.
You visited 3 branches of the dungeon, and saw 14 of its levels.

You collected 634 gold pieces.
You spent 320 gold pieces at shops.

Inventory:

Hand Weapons
 i - a +2 war axe
 n - a +1 mace of draining
 v - a +2 short sword of flaming
 N - a +3 war axe (weapon)
 O - a +3 great mace of holy wrath
Missiles
 e - 5 boomerangs of dispersal
 l - 2 curare-tipped darts
 s - 16 poisoned darts
 A - 20 boomerangs (quivered)
 L - 10 javelins
Armour
 c - a scarf of resistance
 k - a +2 robe of willpower (worn)
 m - a +2 pair of gloves (worn)
 q - a +2 helmet (worn)
 t - the +0 chain mail of Noughts and Crosses {Str+6 Int+5}
   (You took it off a kobold on level 10 of the Dungeon)

   It affects your strength (+6).
   It affects your intelligence (+5).
 w - a +0 ring mail
 G - a +3 plate armour of positive energy
 J - a +2 cloak of poison resistance (worn)
 K - a +1 pair of boots (worn)
Jewellery
 r - a ring of magical power (left hand)
 u - an amulet of reflection (around neck)
 y - a +4 ring of evasion (right hand)
Wands
 a - a wand of polymorph (3)
 o - a wand of acid (8)
 p - a wand of flame (20)
 B - a wand of digging (14)
 E - a wand of random effects (29)
 H - a wand of paralysis (19)
 I - a wand of iceblast (12)
Scrolls
 d - 3 scrolls of blinking
 f - 6 scrolls of identify
 g - 2 scrolls of fog
 j - 2 scrolls of fear
 x - 5 scrolls of remove curse
 C - 3 scrolls of teleportation
 Q - a scroll of immolation
Potions
 b - 2 potions of magic
 h - 2 potions of lignification
 z - 2 potions of haste
 D - a potion of ambrosia {unknown}
 F - 2 potions of curing
 M - a potion of flight
 P - a potion of mutation
 R - a potion of might


   Skills:
 + Level 8.7 Fighting
 + Level 7.3 Short Blades
 + Level 7.3 Long Blades
 + Level 8.7 Axes
 + Level 7.3 Maces & Flails
 + Level 7.3 Polearms
 + Level 7.3 Staves
 + Level 7.3 Slings
 + Level 7.3 Bows
 + Level 7.3 Crossbows
 + Level 7.8 Throwing
 + Level 7.8 Armour
 + Level 8.7 Dodging
 + Level 7.3 Stealth
 + Level 7.3 Shields
 + Level 7.3 Unarmed Combat
 + Level 9.0 Spellcasting
 + Level 6.1 Conjurations
 + Level 6.1 Hexes
 + Level 6.1 Summonings
 + Level 6.1 Necromancy
 + Level 8.3 Translocations
 + Level 6.1 Transmutations
 + Level 6.1 Fire Magic
 + Level 6.1 Ice Magic
 + Level 6.1 Air Magic
 + Level 6.1 Earth Magic
 + Level 6.1 Poison Magic
 + Level 8.0 Invocations
 + Level 7.3 Evocations


You had 12 spell levels left.
You knew the following spells:

 Your Spells              Type           Power        Failure   Level
a - Blink                 Tloc           N/A          1%          2
b - Gell's Gravitas       Tloc           21%          1%          3
c - Call Imp              Summ           33%          1%          2
d - Mephitic Cloud        Conj/Pois/Air  33%          1%          3
e - Summon Lightning Spi  Summ/Air       33%          6%          4
f - Ignite Poison         Fire/Tmut/Pois 33%          1%          3

Your spell library contained the following spells:

 Spells                   Type           Power        Failure   Level
 Animate Skeleton         Necr           66%          1%          1
 Magic Dart               Conj           100%         1%          1
 Pain                     Necr           100%         1%          1
 Summon Small Mammal      Summ           100%         1%          1
 Slow                     Hex            33%          1%          2
 Call Canine Familiar     Summ           33%          1%          3
 Conjure Flame            Conj/Fire      33%          1%          3
 Lesser Beckoning         Tloc           21%          1%          3
 Summon Guardian Golem    Hex/Summ       33%          1%          3
 Teleport Other           Tloc           42%          1%          3
 Vampiric Draining        Necr           16%          1%          3
 Passage of Golubria      Tloc           N/A          2%          4
 Animate Dead             Necr           16%          6%          4
 Summon Ice Beast         Ice/Summ       33%          6%          4
 Agony                    Necr           33%          17%         5
 Fireball                 Conj/Fire      16%          17%         5
 Starburst                Conj/Fire      16%          67%         6
 Ignition                 Fire           16%          100%        8


Dungeon Overview and Level Annotations

Branches:
Dungeon (12/15)            Temple (1/1) D:4            Lair (1/6) D:8
    Orc (0/2) D:11

Altars:
Ashenzari
Cheibriados
Dithmenos
Elyvilon
Fedhas
Gozag
Hepliaklqana
Kikubaaqudgha
Makhleb
Nemelex Xobeh
Okawaru
Qazlal
Ru
Sif Muna
Trog
Uskayaw
Vehumet
Wu Jian
Xom
Yredelemnul
Zin
The Shining One

Shops:
D:7 :


Innate Abilities, Weirdness & Mutations

Your experience applies equally to all skills.
You have very sharp teeth.
Your uncanny sense of smell can sniff out nearby items.
Your flesh is heat resistant. (rF+)


Message History

The stinking cloud engulfs the very large slime creature but does no damage.
The very large slime creature is moderately wounded.
You hear a shout!
Casting: Mephitic Cloud (safe; 1% risk of failure)
Confirm with . or Enter, or press ? or * to list all spells.
You ignite the poison in your surroundings!
The slime creature is engulfed in blazing flames.
The slime creature misses you.
The very large slime creature is engulfed in blazing flames.
Casting: Ignite Poison (safe; 1% risk of failure)
Confirm with . or Enter, or press ? or * to list all spells.
You blink.
The slime creature is engulfed in blazing flames.
The very large slime creature is engulfed in blazing flames.
The slime creature closely misses you.
The very large slime creature is engulfed in blazing flames.
The very large slime creature is engulfed in blazing flames.
The very large slime creature hits you!!!
Ouch! That really hurt!
You die...

..............#
#............./#
#.............##
#...............#
#...........}#.#
#............#.#
#............# #
#............#
#....@○.○....#
#....JJ☼○....#
#.)....☼°....#
#......§.....#
##############


You could see a very large slime creature and a slime creature.

Vanquished Creatures
  Gastronok (D:11)
  Snorg (D:10)
  A hydra (D:11)
  A centaur warrior (D:10)
  2 two-headed ogres
  Urug (D:11)
  An ugly thing (D:12)
  A manticore (D:10)
  A centaur skeleton (D:12)
  Maurice (D:10)
  2 trolls
  3 slime creatures
  A centaur simulacrum (D:12)
  A shadow (D:11)
  2 wyverns
  10 yaks
  2 two-headed ogre zombies (D:11)
  A water moccasin (D:12)
  A soldier ant (D:11)
  8 orc warriors
  4 sky beasts
  A black bear (D:6)
  A necrophage (D:5)
  2 phantoms
  2 ice beasts
  10 centaurs
  A boggart (D:10)
  6 ogres
  An eye of draining (D:12)
  5 big kobolds
  5 bullfrogs
  A wyvern skeleton (D:12)
  3 scorpions
  4 jellies
  A troll zombie (D:11)
  16 killer bees
  13 wights
  2 bullfrog zombies
  2 centaur zombies
  5 howler monkeys
  A quasit (D:10)
  4 hounds
  Crazy Yiuf (D:7)
  9 orc priests
  13 orc wizards
  2 bullfrog skeletons
  A gnoll shaman (D:4)
  2 iguanas
  7 worker ants
  4 ogre zombies (D:11)
  2 hound skeletons (D:6)
  Robin (D:1)
  25 adders
  10 gnolls
  3 howler monkey skeletons
  A river rat (D:6)
  A shadow imp (D:5)
  2 white imps
  2 ufetubi
  2 adder zombies
  5 worms
  3 adder skeletons (D:6)
  A dart slug (D:3)
  6 leopard geckos
  39 orcs
  A ball python (D:3)
  12 bats
  3 giant cockroaches (D:1)
  14 goblins
  5 hobgoblins
  11 jackals
  A quokka (D:8)
  6 frilled lizards
  3 goblin zombies (D:11)
  A hobgoblin skeleton (D:11)
  A hobgoblin zombie (D:11)
  A jackal skeleton (D:4)
  26 kobolds
  An orc skeleton (D:11)
  19 orc zombies (D:11)
  7 rats
386 creatures vanquished.

Vanquished Creatures (collateral kills)
  A yak (D:11)
  A goblin (D:11)
2 creatures vanquished.

Vanquished Creatures (others)
  8 plants (D:10)
  A withered plant (D:8)
9 creatures vanquished.

Grand Total: 397 creatures vanquished

Notes
Turn   | Place    | Note
-------+----------+-------------------------------------------
     0 | D:1      | jlumianski the Gnoll Warper began the quest for the Orb.
     0 | D:1      | Reached XP level 1. HP: 20/20 MP: 6/6
   118 | D:1      | Reached XP level 2. HP: 24/26 MP: 7/7
   138 | D:1      | Learned a level 2 spell: Blink
   705 | D:1      | Reached XP level 3. HP: 31/31 MP: 9/9
   713 | D:1      | Learned a level 3 spell: Gell's Gravitas
   717 | D:1      | Learned a level 3 spell: Teleport Other
   776 | D:1      | Reached skill level 5 in Spellcasting
   981 | D:2      | Found a hazy altar of Hepliaklqana.
  1034 | D:2      | Noticed Robin
  1129 | D:1      | Reached skill level 1 in Invocations
  1342 | D:1      | Killed Robin
  1343 | D:1      | Reached skill level 1 in Short Blades
  1343 | D:1      | Reached skill level 1 in Long Blades
  1343 | D:1      | Reached skill level 1 in Maces & Flails
  1343 | D:1      | Reached skill level 1 in Polearms
  1343 | D:1      | Reached skill level 1 in Staves
  1343 | D:1      | Reached skill level 1 in Slings
  1343 | D:1      | Reached skill level 1 in Bows
  1343 | D:1      | Reached skill level 1 in Crossbows
  1343 | D:1      | Reached skill level 1 in Stealth
  1343 | D:1      | Reached skill level 1 in Shields
  1343 | D:1      | Reached skill level 1 in Unarmed Combat
  1343 | D:1      | Reached skill level 1 in Evocations
  1343 | D:1      | Reached XP level 4. HP: 21/38 MP: 11/11
  2088 | D:2      | Found a broken altar of Ashenzari.
  2411 | D:3      | Reached skill level 1 in Conjurations
  2411 | D:3      | Reached skill level 1 in Hexes
  2411 | D:3      | Reached skill level 1 in Summonings
  2411 | D:3      | Reached skill level 1 in Necromancy
  2411 | D:3      | Reached skill level 1 in Transmutations
  2411 | D:3      | Reached skill level 1 in Fire Magic
  2411 | D:3      | Reached skill level 1 in Ice Magic
  2411 | D:3      | Reached skill level 1 in Air Magic
  2411 | D:3      | Reached skill level 1 in Earth Magic
  2411 | D:3      | Reached skill level 1 in Poison Magic
  2643 | D:3      | Reached XP level 5. HP: 42/43 MP: 12/12
  2997 | D:3      | Found a bloodstained altar of Trog.
  3085 | D:3      | Found an ancient bone altar of Kikubaaqudgha.
  3383 | D:4      | Reached XP level 6. HP: 10/50 MP: 13/13
  3737 | D:4      | Reached skill level 5 in Fighting
  3737 | D:4      | Reached skill level 5 in Axes
  3737 | D:4      | Reached skill level 5 in Dodging
  4499 | D:5      | Entered Level 5 of the Dungeon
  4509 | D:5      | Reached XP level 7. HP: 47/56 MP: 15/15
  4520 | D:4      | Gained mutation: You are weak. (Str -2) [potion of
                  | mutation]
  4520 | D:4      | Lost mutation: You are weak. (Str -2) [potion of mutation]
  4520 | D:4      | Gained mutation: Your flesh is heat resistant. (rF+)
                  | [potion of mutation]
  4857 | D:4      | Found a staircase to the Ecumenical Temple.
  4865 | Temple   | Entered the Ecumenical Temple
  5103 | Temple   | Became a worshipper of Warmaster Okawaru
  5682 | D:6      | Found a sacrificial altar of Ru.
  5734 | D:6      | Reached * piety under Okawaru
  5832 | D:6      | Reached XP level 8. HP: 39/63 MP: 16/16
  6058 | D:6      | Found an opulent altar of Gozag.
  6402 | D:5      | Reached skill level 6 in Spellcasting
  7314 | D:7      | Reached ** piety under Okawaru
  7326 | D:6      | Reached XP level 9. HP: 23/69 MP: 18/18
  7718 | D:7      | Found Gecylaxe's Book Shoppe.
  8402 | D:7      | Found a snail-covered altar of Cheibriados.
  8420 | D:7      | Reached skill level 5 in Throwing
  8420 | D:7      | Reached skill level 5 in Armour
  8555 | D:7      | You fall into a shaft and drop 2 floors!
  8878 | D:8      | Reached *** piety under Okawaru
  8943 | D:8      | Noticed a two-headed ogre
  8988 | D:7      | Reached skill level 5 in Invocations
  9255 | D:7      | Found a runed translucent door.
  9256 | D:7      | Noticed Crazy Yiuf
  9264 | D:7      | Killed Crazy Yiuf
  9538 | D:7      | Bought a book of Minor Magic for 320 gold pieces
  9542 | D:7      | Learned a level 3 spell: Mephitic Cloud
  9625 | D:8      | Killed a two-headed ogre
  9625 | D:8      | Received a gift from Okawaru
  9626 | D:8      | Reached skill level 7 in Spellcasting
  9626 | D:8      | Reached XP level 10. HP: 77/77 MP: 20/20
  9741 | D:8      | Reached skill level 5 in Short Blades
  9741 | D:8      | Reached skill level 5 in Long Blades
  9741 | D:8      | Reached skill level 5 in Maces & Flails
  9741 | D:8      | Reached skill level 5 in Polearms
  9741 | D:8      | Reached skill level 5 in Staves
  9741 | D:8      | Reached skill level 5 in Slings
  9741 | D:8      | Reached skill level 5 in Bows
  9741 | D:8      | Reached skill level 5 in Crossbows
  9741 | D:8      | Reached skill level 5 in Stealth
  9741 | D:8      | Reached skill level 5 in Shields
  9741 | D:8      | Reached skill level 5 in Unarmed Combat
  9741 | D:8      | Reached skill level 5 in Evocations
  9875 | D:8      | Found a basalt altar of Yredelemnul.
 10204 | D:8      | Found a staircase to the Lair.
 10360 | Lair:1   | Entered Level 1 of the Lair of Beasts
 10622 | D:9      | Reached **** piety under Okawaru
 10656 | D:9      | Found a shimmering blue altar of Sif Muna.
 10722 | D:9      | Found an iron altar of Okawaru.
 10789 | D:10     | Entered Level 10 of the Dungeon
 10832 | D:10     | Received a gift from Okawaru
 11374 | D:10     | Noticed a centaur warrior
 11397 | D:10     | Killed a centaur warrior
 11610 | D:10     | Noticed a two-headed ogre
 11626 | D:10     | Killed a two-headed ogre
 11626 | D:10     | Reached ***** piety under Okawaru
 11626 | D:10     | Received a gift from Okawaru
 11627 | D:10     | Reached XP level 11. HP: 46/84 MP: 18/22
 11804 | D:10     | Noticed Snorg
 11808 | D:10     | Identified the cursed +0 chain mail of Noughts and Crosses
                  | {Str+6 Int+5}
 11829 | D:10     | Killed Snorg
 11830 | D:10     | Reached skill level 5 in Conjurations
 11830 | D:10     | Reached skill level 5 in Hexes
 11830 | D:10     | Reached skill level 5 in Summonings
 11830 | D:10     | Reached skill level 5 in Necromancy
 11830 | D:10     | Reached skill level 5 in Transmutations
 11830 | D:10     | Reached skill level 5 in Fire Magic
 11830 | D:10     | Reached skill level 5 in Ice Magic
 11830 | D:10     | Reached skill level 5 in Air Magic
 11830 | D:10     | Reached skill level 5 in Earth Magic
 11830 | D:10     | Reached skill level 5 in Poison Magic
 12011 | D:10     | Found a basalt altar of Yredelemnul.
 12014 | D:10     | Noticed Maurice
 12038 | D:10     | Killed Maurice
 12039 | D:10     | Reached skill level 8 in Spellcasting
 12786 | D:10     | Noticed a manticore
 12798 | D:10     | Killed a manticore
 13002 | D:11     | Noticed Gastronok
 13105 | D:11     | Found a staircase to the Orcish Mines.
 13565 | D:10     | Learned a level 2 spell: Call Imp
 13713 | D:11     | Learned a level 4 spell: Summon Lightning Spire
 13864 | D:11     | Killed Gastronok
 14173 | D:11     | Received a gift from Okawaru
 14441 | D:11     | Reached XP level 12. HP: 89/93 MP: 24/24
 14625 | D:11     | Noticed Urug
 14655 | D:11     | Killed Urug
 15627 | D:12     | Learned a level 3 spell: Ignite Poison
 15825 | D:12     | Noticed a four-headed hydra
 15849 | D:11     | Killed a four-headed hydra
 16133 | D:12     | Reached skill level 9 in Spellcasting
 16675 | D:12     | Mangled by a very large slime creature

Illustrated notes

Levels and vault maps discovered:
D:1:      psy_arrival_wood_between_worlds, layout_basic
D:2:      layout_rooms, nzn_hepliaklqana_mist_gate,
          ashenzari_conservatory_becter, uniq_robin
D:3:      layout_loops_corners, bloody_trog, nicolae_overflow_hidden_temple,
          minmay_misc_feat_rows, kennysheep_generic_room_15
D:4:      layout_basic, temple_fountains, minmay_surrounded
D:5:      layout_loops_ring
D:6:      layout_loops_ring, grunt_gozag_breadcrumbs,
          nicolae_ru_sacrificial_ziggurat, lightli_sewer_entry_pipes,
          st_stairs_3, minmay_crystal_room
D:7:      layout_basic, basic_altar, serial_shops, shop, uniq_crazy_yiuf_cottage
D:8:      layout_loops_ring, yredelemnul_altar_generic, lair_entry_dummy,
          minmay_misc_feat_iff
D:9:      layout_rooms, led_sif_pool, okawaru_altar_gauntlet_db
D:10:     layout_stronghold, basic_altar, minmay_shattered_shrine, uniq_maurice,
          uniq_snorg
D:11:     layout_grid_maze, zombieorc2_lemuel, enter_bailey_3, uniq_gastronok,
          uniq_urug
D:12:     layout_basic, st_stairs_9
Temple:   dpeg_chambers_temple
Lair:1:   layout_regular_city

Skill      XL: |  1  2  3  4  5  6  7  8  9 10 11 12 |
---------------+-------------------------------------+-----
Spellcasting   | 5 6 7 8 9 |  9.0
Invocations    | 1 2 3 4 5 6 7 8 |  8.0
Short Blades   | 1 2 3 4 5 6 7 |  7.3
Long Blades    | 1 2 3 4 5 6 7 |  7.3
Maces & Flails | 1 2 3 4 5 6 7 |  7.3
Polearms       | 1 2 3 4 5 6 7 |  7.3
Staves         | 1 2 3 4 5 6 7 |  7.3
Slings         | 1 2 3 4 5 6 7 |  7.3
Bows           | 1 2 3 4 5 6 7 |  7.3
Crossbows      | 1 2 3 4 5 6 7 |  7.3
Stealth        | 1 2 3 4 5 6 7 |  7.3
Shields        | 1 2 3 4 5 6 7 |  7.3
Unarmed Combat | 1 2 3 4 5 6 7 |  7.3
Evocations     | 1 2 3 4 5 6 7 |  7.3
Conjurations   | 1 2 3 4 5 6 |  6.1
Hexes          | 1 2 3 4 5 6 |  6.1
Summonings     | 1 2 3 4 5 6 |  6.1
Necromancy     | 1 2 3 4 5 6 |  6.1
Transmutations | 1 2 3 4 5 6 |  6.1
Fire Magic     | 1 2 3 4 5 6 |  6.1
Ice Magic      | 1 2 3 4 5 6 |  6.1
Air Magic      | 1 2 3 4 5 6 |  6.1
Earth Magic    | 1 2 3 4 5 6 |  6.1
Poison Magic   | 1 2 3 4 5 6 |  6.1
Throwing       | 3 4 5 6 7 |  7.8
Armour         | 3 4 5 6 7 |  7.8
Fighting       | 5 6 7 8 |  8.7
Axes           | 5 6 7 8 |  8.7
Dodging        | 5 6 7 8 |  8.7
Translocations | 6 7 8 |  8.3

Action                   |  1- 3 |  4- 6 |  7- 9 | 10-12 || total
-------------------------+-------+-------+-------+-------++-------
Melee: Hand axe          |   132 |    65 |       |       ||   197
       Bite              |    13 |    11 |    43 |    93 ||   160
       Punch             |       |     2 |    10 |    22 ||    34
       War axe           |       |    84 |   400 |   722 ||  1206
       Great sword       |       |       |    10 |       ||    10
       Short sword       |       |       |       |    14 ||    14
Throw: Stone             |       |    15 |       |       ||    15
       Boomerang         |       |     3 |    13 |     7 ||    23
       Dart              |       |       |     8 |     9 ||    17
       Javelin           |       |       |       |     6 ||     6
 Cast: Gell's Gravitas   |     1 |    17 |    19 |    19 ||    56
       Blink             |     1 |     2 |     3 |    12 ||    18
       Mephitic Cloud    |       |       |     1 |    26 ||    27
       Summon Lightning  |       |       |       |     6 ||     6
       Ignite Poison     |       |       |       |     2 ||     2
Invok: Heroism           |       |       |     1 |     2 ||     3
Evoke: Wand              |       |     7 |     1 |     3 ||    11
  Use: Scroll            |       |     7 |     6 |     3 ||    16
       Potion            |       |       |    11 |     3 ||    14
 Stab: Sleeping          |     1 |     6 |     5 |     3 ||    15
       Confused          |       |       |     2 |    22 ||    24
       Distracted        |       |       |       |     2 ||     2
Armor: Leather armour    |    39 |    40 |       |       ||    79
       Ring mail         |       |     7 |   144 |    48 ||   199
       Robe              |       |       |       |   158 ||   158
Dodge: Dodged            |   111 |   139 |   374 |   810 ||  1434
Block: Other             |       |    24 |   114 |   196 ||   334
       Reflection        |       |       |     2 |     9 ||    11
       Rpst.: Great sword |       |       |     4 |       ||     4
